 Seeded DCSS version 0.30-a0-364-gf6b3ef1049 (webtiles) character file.

Game seed: 13852480795907283700 (custom seed)

107 purpskrrrp the Shooter (level 4, -1/23 HPs)
             Began as a Spriggan Hunter on Nov 15, 2022.
             Slain by an ogre
             ... wielding a +0 giant club
              (24 damage)
             ... on level 4 of the Dungeon.
             The game lasted 00:02:55 (2158 turns).

purpskrrrp the Shooter (Spriggan Hunter)            Turns: 2158, Time: 00:02:55

Health: -1/23      AC:  2    Str:  7    XL:     4   Next: 57%
Magic:  5/5        EV: 19    Int: 10    God:
Gold:   252        SH:  0    Dex: 20    Spells: 3/3 levels left

rFire   . . .      SeeInvis +    g - +0 shortbow (vorpal)
rCold   . . .      Faith    .    (shield currently unavailable)
rNeg    . . .      Spirit   .    c - +0 robe
rPois   .          Reflect  .    (helmet restricted)
rElec   .          Harm     .    (no cloak)
rCorr   .          Rampage  .    (gloves unavailable)
Will    .....                    (boots unavailable)
Stlth   +++.......               (no amulet)
HPRegen 0.23/turn                (no ring)
MPRegen 0.09/turn                (no ring)

@: very quick
A: very small, no large weapons, unfitting armour, see invisible, speed 3
a: no special abilities


You were on level 4 of the Dungeon.
You visited 1 branch of the dungeon, and saw 4 of its levels.

You collected 252 gold pieces.

Inventory:

Hand Weapons
 a - a +1 shortbow
 g - a +0 vorpal shortbow (weapon)
Armour
 c - a +0 robe (worn)
Wands
 j - a wand of flame (13)
 p - a wand of acid (9)
Scrolls
 b - a scroll of immolation
 d - 3 scrolls of teleportation {unknown}
 e - a scroll of amnesia {unknown}
 h - 3 scrolls of identify {unknown}
 q - a scroll of noise {unknown}
Potions
 f - a potion of flight {unknown}
 i - a potion of brilliance {unknown}
 k - a potion of curing {unknown}
 l - 2 potions of magic {unknown}
 m - a potion of attraction {unknown}
 n - a potion of lignification {unknown}
 o - a potion of invisibility {unknown}
 r - a potion of haste {unknown}


   Skills:
 - Level 1.7 Fighting
 + Level 4.7 Ranged Weapons
 + Level 4.2 Dodging
 + Level 4.0 Stealth


You had 3 spell levels left.
You didn't know any spells.
Your spell library contained the following spells:

 Spells                   Type           Power      Damage    Failure   Level
 Beastly Appendage        Tmut           0%         N/A       36%         1
 Sandblast                Erth           0%         2d4       36%         1
 Cigotuvi's Dreadful Rot  Necr/Pois/Air  0%         N/A       50%         2
 Passwall                 Tmut/Erth      0%         N/A       50%         2
 Wereblood                Tmut           0%         N/A       50%         2
 Spider Form              Tmut/Pois      0%         N/A       75%         3
 Stone Arrow              Conj/Erth      0%         3d7       75%         3
 Cause Fear               Hex            0%         N/A       98%         4
 Dispel Undead            Necr           0%         3d6       98%         4
 Death Channel            Necr           0%         N/A       100%        6
 Dragon Form              Tmut           0%         N/A       100%        7
 Dragon's Call            Summ           0%         N/A       100%        9


Dungeon Overview and Level Annotations

Branches:
Dungeon (4/15)
 Temple: D:4-7

Altars:

Shops:
D:1 !


Innate Abilities, Weirdness & Mutations

You are very small and have problems with some larger weapons.
You are too small for most types of armour.
You have supernaturally acute eyesight. (SInv)
You cover ground extremely quickly. (Speed+++)


Message History

No target in view!
Found a leather armour.
You see here a +0 club.
No target in view!
q - a scroll labelled QIHIEF BALEWK You pick up a book of Geomancy and begin reading...
You add the spells Sandblast, Passwall and Stone Arrow to your library.
Done exploring.
Done exploring.
This is a scroll of acquirement!
Something appears at your feet!
Okay, then.
g - a +0 vorpal shortbow (weapon)
Done exploring.
Done exploring.
Done exploring.
There is a stone staircase leading down here.
You climb downwards.
There is a stone staircase leading up here.
h - 3 scrolls labelled ZAMEBB ARGHIRAA (gained 1)
Found an escape hatch in the floor.
Found 4 stones.
You now have 252 gold pieces (gained 14).
r - a black potion You pick up a book of Changes and begin reading...
You add the spells Beastly Appendage, Wereblood and Spider Form to your library.
An ogre comes into view. It is wielding a +0 giant club.
The ogre shouts!
An ogre is nearby!
An ogre is nearby!
An ogre is nearby!
You shoot an arrow. The arrow barely misses the ogre.
You shoot an arrow. The arrow hits the ogre!
The ogre is moderately wounded.
The ogre misses you.
You shoot an arrow. The arrow hits the ogre!
The ogre is almost dead.
The ogre hits you with a +0 giant club!!
Ouch! That really hurt!
You die...

#.# #.#######.#
#.......#.#
##############.#.#
.........#..<..#..
....####.#.....#.###.#
....# #.#.....#.O...#
....# #.##.##.#@##
....# #.......#..#
....# ##.........#
..### #......#..# ..#
#......#..# ..#
#......#..# ..#
#......#..# ..#
#......#..# ..#
#......#..#


You could see an ogre.

Vanquished Creatures
  An orc wizard (D:3)
  An adder (D:3)
  2 worms (D:2)
  A dart slug (D:2)
  3 orcs (D:3)
  3 ball pythons (D:2)
  5 endoplasms
  3 giant cockroaches
  7 hobgoblins
  5 jackals
  4 kobolds
  3 quokkas
  6 bats
  2 frilled lizards (D:3)
  7 goblins
  6 rats
59 creatures vanquished.

Notes
Turn   | Place    | Note
-------+----------+-------------------------------------------
     0 | D:1      | purpskrrrp the Spriggan Hunter began the quest for the Orb.
     0 | D:1      | Reached XP level 1. HP: 10/10 MP: 2/2
   164 | D:1      | Reached XP level 2. HP: 15/15 MP: 3/3
   192 | D:1      | Found Nuqov's Distillery.
  1024 | D:2      | Reached XP level 3. HP: 18/18 MP: 4/4
  1590 | D:3      | Reached XP level 4. HP: 23/23 MP: 5/5
  2027 | D:3      | Identified a scroll of acquirement
  2027 | D:3      | Acquired a +0 vorpal shortbow
  2155 | D:4      | Noticed an ogre
  2158 | D:4      | Slain by an ogre

Illustrated notes

Levels and vault maps discovered:
D:1:      sevenhm_arrival_forest_fort_large_2, layout_basic, serial_shops,
          shop_statue, minmay_misc_feat_rugged, kennysheep_nondescript,
          st_stairs_12
D:2:      layout_loops_ring
D:3:      layout_rooms
D:4:      layout_basic, nicolae_tso_carved_into_rock,
          minmay_temple_entry_offerings, serial_shops, nicolae_diamond_shop

Skill      XL: |  1  2  3  4 |
---------------+-------------+-----
Stealth        | 2 3 4 |  4.0
Dodging        | 3 4 |  4.2
Fighting       | |  1.7
Ranged Weapons | |  4.7

Action                   |  1- 3 |  4- 6 || total
-------------------------+-------+-------++-------
 Fire: Shortbow          |   108 |    40 ||   148
  Use: Scroll            |     2 |     1 ||     3
Armor: Robe              |     5 |     5 ||    10
Dodge: Dodged            |    50 |    18 ||    68

Table legend: (Time is in decaauts)
 A = Elapsed time spent in this place.
 B = Non-inter-level travel time spent in this place.
 C = Inter-level travel time spent in this place.
 D = Time resting spent in this place.
 E = Time spent auto-exploring this place.
 F = Levels seen in this place.
 G = Mean time per level.
                   A        B        C        D        E       F      G
               +--------+--------+--------+--------+--------+-----+--------+
         Total |   1438 |   1389 |     49 |      0 |   1120 |   4 |  359.5 |
       Dungeon |   1438 |   1389 |     49 |      0 |   1120 |   4 |  359.5 |
               +--------+--------+--------+--------+--------+-----+--------+

Top non-repeatable levels by time:
     D:1: 614 daAuts
     D:2: 429 daAuts
     D:3: 330 daAuts
     D:4: 63 daAuts
